 Dungeon Crawl Stone Soup version 0.26-a0-812-g31a745ddcd (webtiles) character file.

Game seed: 18415931569239695391

314 nuthulu the Skirmisher (level 6, -6/41 HPs)
             Began as a Gargoyle Fighter on Dec 3, 2020.
             Mangled by an ogre
             ... wielding a +0 giant spiked club
              (11 damage)
             ... on level 3 of the Dungeon.
             The game lasted 00:03:14 (2494 turns).

nuthulu the Skirmisher (Gargoyle Fighter)           Turns: 2494, Time: 00:03:15

Health: -6/41      AC: 11    Str: 21    XL:     6   Next: 43%
Magic:  6/6        EV:  7    Int:  8    God:
Gold:   65         SH:  9    Dex: 10    Spells: 5/5 levels left

rFire    . . .     SeeInvis .   a - +1 flail
rCold    . . .     Faith    .   c - +0 kite shield
rNeg     + . .     Spirit   .   b - +0 scale mail
rPois    ∞         Reflect  .   (no helmet)
rElec    +         Harm     .   (no cloak)
rCorr    .         Rampage  .   (no gloves)
MR       .....                  (no boots)
Stlth    ..........             (no amulet)
HPRegen  0.13/turn              (no ring)
MPRegen  0.10/turn              (no ring)

@: mighty
A: negative energy resistance 1, electricity resistance, unbreathing,
petrification resistance, rot immunity, AC +4
a: no special abilities


You were on level 3 of the Dungeon.
You visited 1 branch of the dungeon, and saw 5 of its levels.

You collected 65 gold pieces.

Inventory:

Hand Weapons
 a - a +1 flail (weapon)
Armour
 b - a +0 scale mail (worn)
 c - a +0 kite shield (worn)
 i - the +2 scale mail "Zerch" {-Cast Int+5 Slay+3 Stlth+, unknown}
   (You found it on level 5 of the Dungeon)

   It affects your intelligence (+5).
   It affects your accuracy and damage with ranged weapons and melee attacks
   (+3).
   It prevents spellcasting.
   It makes you more stealthy.
 o - a scarf of shadows
Jewellery
 g - an uncursed ring of ice {unknown}
 l - an uncursed amulet of faith {unknown}
 n - the cursed ring of Uptesuwie {+Inv Dex+3 Slay-4 Stlth-, unknown}
   (You found it on level 5 of the Dungeon)

   [ring of slaying]

   It affects your dexterity (+3).
   It affects your accuracy and damage with ranged weapons and melee attacks
   (-4).
   It lets you turn invisible.
   It makes you less stealthy.
   It has a curse placed upon it.
Potions
 f - a potion of degeneration {unknown}
 h - a potion of brilliance {unknown}
 j - 2 potions of lignification {unknown}
 k - a potion of cancellation {unknown}
 m - a potion of mutation {unknown}


   Skills:
 + Level 5.9 Fighting
 + Level 4.8 Maces & Flails
 - Level 3.2 Armour
 - Level 3.2 Shields


You had 5 spell levels left.
You didn't know any spells.
Your spell library was empty.

Dungeon Overview and Level Annotations

Branches:
Dungeon (5/15)
 Temple: D:4-7

Altars:
Nemelex Xobeh


Innate Abilities, Weirdness & Mutations

You are resistant to torment.
Your stone body is resilient. (AC +4)
You are immune to poison.
You resist negative energy. (rN+)
You are resistant to electric shocks. (rElec)
You can survive without breathing.
You are immune to petrification.
You are immune to rotting.


Message History

o - a glowing scarf You block the orc's attack.
There is a stone staircase leading up here.
The ogre hits you with a +0 giant spiked club!!
The orc closely misses you.
You climb upwards.
Found a scroll of enchant weapon.
There is a stone staircase leading down here.
You thump the orc!
You kill the orc!
The ogre hits you with a +0 giant spiked club!
* * * LOW HITPOINT WARNING * * *
You closely miss the ogre. The ogre closely misses you.
You feel better.
You feel very mighty all of a sudden.
The ogre hits you with a +0 giant spiked club.
* * * LOW HITPOINT WARNING * * *
Your shield and scale mail prevent you from hitting the ogre.
The ogre hits you with a +0 giant spiked club!
You die...

.?.
#.#
#.#
#.#
#.#
#.#
#)#
#@#
#O#
..#
####


You could see an ogre.

Vanquished Creatures
  A sky beast (D:5)
  2 hounds
  A bullfrog skeleton (D:5)
  4 gnolls
  4 adders
  A shadow imp (D:5)
  4 worms (D:2)
  4 dart slugs
  A leopard gecko (D:2)
  An orc (D:3)
  2 giant cockroaches
  6 goblins
  3 hobgoblins
  A quokka (D:2)
  2 bats
  6 frilled lizards
  4 kobolds
  A rat (D:2)
48 creatures vanquished.

Vanquished Creatures (others)
  5 plants (D:2)
5 creatures vanquished.

Grand Total: 53 creatures vanquished

Notes
Turn   | Place    | Note
-------+----------+-------------------------------------------
     0 | D:1      | nuthulu the Gargoyle Fighter began the quest for the Orb.
     0 | D:1      | Reached XP level 1. HP: 14/14 MP: 1/1
   212 | D:1      | Reached XP level 2. HP: 17/19 MP: 2/2
   970 | D:2      | Reached skill level 4 in Fighting
   970 | D:2      | Reached XP level 3. HP: 21/24 MP: 3/3
  1002 | D:2      | Found a sparkling altar of Nemelex Xobeh.
  1294 | D:2      | Reached XP level 4. HP: 30/30 MP: 4/4
  1767 | D:2      | Reached XP level 5. HP: 34/34 MP: 5/5
  1878 | D:2      | Found a faded altar of an unknown god.
  2049 | D:2      | You fall into a shaft and drop 2 floors!
  2064 | D:4      | Reached skill level 5 in Fighting
  2077 | D:5      | Entered Level 5 of the Dungeon
  2299 | D:5      | Noticed a sky beast
  2331 | D:5      | Killed a sky beast
  2331 | D:5      | Reached XP level 6. HP: 33/41 MP: 6/6
  2404 | D:5      | Got a bronze scale mail
  2410 | D:5      | Got an ancient granite ring
  2494 | D:3      | Mangled by an ogre

Illustrated notes

Levels and vault maps discovered:
D:1:      lemuel_arrival_room, layout_loops_ring, dk_noncrumbling_3,
          minmay_lizard_pond
D:2:      layout_rooms, nemelex_xobeh_ov_fountains_minmay,
          chequers_ecumenical_altar_lobes
D:3:      layout_basic
D:4:      layout_rooms, marbit_many_paths
D:5:      layout_loops_ring, minmay_temple_entry_waves

Skill      XL: |  1  2  3  4  5 |
---------------+----------------+-----
Fighting       | 4 5 |  5.9
Maces & Flails | 3 4 |  4.8
Armour         | |  3.2
Shields        | |  3.2

Action                   |  1- 3 |  4- 6 || total
-------------------------+-------+-------++-------
Melee: Flail             |   127 |    89 ||   216
  Use: Scroll            |     6 |     4 ||    10
       Potion            |       |     4 ||     4
Armor: Scale mail        |    68 |    45 ||   113
Dodge: Dodged            |    33 |    40 ||    73
Block: Kite shield       |    53 |    45 ||    98

Table legend: (Time is in decaauts)
 A = Elapsed time spent in this place.
 B = Non-inter-level travel time spent in this place.
 C = Inter-level travel time spent in this place.
 D = Time resting spent in this place.
 E = Time spent auto-exploring this place.
 F = Levels seen in this place.
 G = Mean time per level.
                   A        B        C        D        E       F      G
               +--------+--------+--------+--------+--------+-----+--------+
         Total |   2566 |   2530 |     36 |   1044 |    897 |   5 |  513.2 |
       Dungeon |   2566 |   2530 |     36 |   1044 |    897 |   5 |  513.2 |
               +--------+--------+--------+--------+--------+-----+--------+

Top non-repeatable levels by time:
     D:1: 1263 daAuts
     D:2: 846 daAuts
     D:5: 409 daAuts
     D:4: 41 daAuts
     D:3: 5 daAuts
